 Dungeon Crawl Stone Soup version 0.29-a0-352-g0917bc69df (webtiles) character file.

Game seed: 15354890961722694752

24 avis the Chopper (level 3, -2/31 HPs)
             Began as a Hill Orc Monk on Apr 24, 2022.
             Slain by a hobgoblin (4 damage)
             ... on level 1 of the Dungeon.
             The game lasted 00:04:05 (547 turns).

avis the Chopper (Hill Orc Monk)                     Turns: 547, Time: 00:04:06

Health: -2/31      AC:  2    Str: 15    XL:     3   Next: 2%
Magic:  3/3        EV: 12    Int: 10    God:
Gold:   55         SH:  0    Dex: 13    Spells: 2/2 levels left

rFire   . . .      SeeInvis .   a - +0 hand axe
rCold   . . .      Faith    .   (no shield)
rNeg    . . .      Spirit   .   b - +0 robe
rPois   .          Reflect  .   (no helmet)
rElec   .          Harm     .   (no cloak)
rCorr   .          Rampage  .   (no gloves)
Will    .....                   (no boots)
Stlth   ++........              (no amulet)
HPRegen 0.10/turn               (no ring)
MPRegen 0.08/turn               (no ring)

@: no status effects
A: no striking features
a: no special abilities


You were on level 1 of the Dungeon.
You visited 1 branch of the dungeon, and saw 2 of its levels.

You collected 55 gold pieces.

Inventory:

Hand Weapons
 a - a +0 hand axe (weapon)
 e - the +0 mace "Lepyrril" {flame, +Blink rN+}
   (You found it on level 2 of the Dungeon)

   It burns those it strikes, dealing additional fire damage.
   rN:        It protects you from negative energy.
   +Blink:    It lets you blink.
Missiles
 f - 23 stones (quivered)
Armour
 b - a +0 robe (worn)
Potions
 c - a potion of ambrosia
 d - a potion of brilliance {unknown}


   Skills:
 - Level 3.6 Fighting
 * Level 5.4 Axes
 - Level 2.4 Dodging
 - Level 1.5 Stealth


You had 2 spell levels left.
You didn't know any spells.
Your spell library contained the following spells:

 Spells                   Type           Power      Damage    Failure   Level
 Ensorcelled Hibernation  Hex/Ice        0%         N/A       50%         2
 Passwall                 Tmut/Erth      0%         N/A       50%         2
 Swiftness                Air            0%         N/A       75%         3


Dungeon Overview and Level Annotations

Branches:
Dungeon (2/15)

Altars:
Vehumet


Message History

You now have 55 gold pieces (gained 8).
You barely miss the hobgoblin. The hobgoblin closely misses you.
You hit the hobgoblin.
The hobgoblin is moderately wounded.
The hobgoblin hits you.
You hit the hobgoblin but do no damage.
The hobgoblin is moderately wounded.
The hobgoblin barely misses you.
You barely miss the hobgoblin.
The hobgoblin is moderately wounded.
The hobgoblin hits you. The hobgoblin barely misses you.
You closely miss the hobgoblin.
The hobgoblin is moderately wounded.
The hobgoblin closely misses you.
You closely miss the hobgoblin.
The hobgoblin is moderately wounded.
The goblin shouts!
The hobgoblin hits you.
You closely miss the hobgoblin.
The hobgoblin is moderately wounded.
The hobgoblin closely misses you.
You hit the hobgoblin but do no damage.
The hobgoblin is moderately wounded.
The hobgoblin hits you.
You barely miss the hobgoblin.
The hobgoblin is moderately wounded.
The hobgoblin hits you.
You barely miss the hobgoblin.
The hobgoblin is moderately wounded.
You closely miss the goblin. The hobgoblin hits you.
The goblin hits you with a +3 dagger.
You hit the hobgoblin but do no damage. You punch the hobgoblin.
The hobgoblin is heavily wounded.
You hit the goblin. The hobgoblin hits you.
* * * LOW HITPOINT WARNING * * *
The goblin hits you with a +3 dagger.
* * * LOW HITPOINT WARNING * * *
The goblin attacks as you move away! The goblin completely misses you.
The hobgoblin attacks as you move away! The hobgoblin hits you.
You die...

.#.# ## #...##
.. ...... #.
...... ### #.
..#...
#....#.##......#
.......@g#.##..#
.......#g#'##..#
#..#####....#..#
. .#####....#..#
...........#..#
..........##..#
..###.#.#.)...#
#.....)#.##
#......#.#


You could see a hobgoblin and a goblin.

Vanquished Creatures
  4 bats
  An endoplasm (D:1)
  A giant cockroach (D:2)
  3 goblins (D:1)
  2 hobgoblins (D:2)
  4 jackals (D:1)
  A quokka (D:2)
  2 ball pythons
  A frilled lizard (D:2)
  A kobold (D:1)
20 creatures vanquished.

Vanquished Creatures (others)
  13 plants (D:1)
  4 withered plants (D:1)
17 creatures vanquished.

Grand Total: 37 creatures vanquished

Notes
Turn   | Place    | Note
-------+----------+-------------------------------------------
     0 | D:1      | avis the Hill Orc Monk began the quest for the Orb.
     0 | D:1      | Reached XP level 1. HP: 19/19 MP: 1/1
    12 | D:1      | You fall into a shaft and drop 1 floor!
    17 | D:2      | Found a radiant altar of Vehumet.
   173 | D:2      | Reached XP level 2. HP: 25/26 MP: 2/2
   199 | D:2      | Identified the +0 mace "Lepyrril" {flame, +Blink rN+}
   232 | D:1      | Reached skill level 5 in Axes
   523 | D:1      | Reached XP level 3. HP: 24/31 MP: 3/3
   547 | D:1      | Slain by a hobgoblin

Illustrated notes

Levels and vault maps discovered:
D:1:      tarquinn_simple_flora_water_a, layout_basic,
          ebering_ecumenical_altar_petrified
D:2:      layout_rooms, basic_altar, minmay_misc_feat_four_crosses, uniq_natasha

Skill      XL: |  1  2 |
---------------+-------+-----
Axes           | 5 |  5.4
Fighting       | |  3.6
Dodging        | |  2.4
Stealth        | |  1.5

Action                   || total
-------------------------++-------
Melee: Hand axe          ||    74
       Punch             ||     1
Armor: Robe              ||    11
Dodge: Dodged            ||    58

Table legend: (Time is in decaauts)
 A = Elapsed time spent in this place.
 B = Non-inter-level travel time spent in this place.
 C = Inter-level travel time spent in this place.
 D = Time resting spent in this place.
 E = Time spent auto-exploring this place.
 F = Levels seen in this place.
 G = Mean time per level.
                   A        B        C        D        E       F      G
               +--------+--------+--------+--------+--------+-----+--------+
         Total |    552 |    552 |      0 |    311 |     29 |   2 |  276.0 |
       Dungeon |    552 |    552 |      0 |    311 |     29 |   2 |  276.0 |
               +--------+--------+--------+--------+--------+-----+--------+

Top non-repeatable levels by time:
     D:1: 345 daAuts
     D:2: 207 daAuts
